[Event "Titled Tuesday Blitz June 6 Late 2023"]
[White "Mortazavi, Ali"]
[Black "QuiesPrecatio"]
[WhiteFideId "401323"]
[WhiteElo "2339"]
[BlackElo "2450"]
[Result "1-0"]
[Round "10"]
[TimeControl "180+2"]
[Date "2023.06.07"]
[WhiteClock "0:00:10"]
[BlackClock "0:00:06"]
[Board "55"]

1. Nf3 c5 2. g3 Nc6 3. Bg2 g6 4. O-O Bg7 5. d3 Nf6 6. e4 O-O 7. c3 d6 8. h3 Rb8 9. a4 a6 10. Nbd2 b5 11. axb5 axb5 12. d4 Nd7 13. Re1 cxd4 14. cxd4 Nxd4 15. Nxd4 Bxd4 16. Nb3 Bg7 17. Na5 Ne5 18. Kh2 Bd7 19. Bg5 Nc4 20. Nb3 Nxb2 21. Qe2 Be6 22. Na5 Bd7 23. e5 Bxe5 24. f4 Bg7 25. Bxe7 Qb6 26. Bxf8 Rxf8 27. Ra2 Na4 28. Nb7 Nc3 29. Qc2 Nxa2 30. Qxa2 Be6 31. Rxe6 fxe6 32. Qxe6+ Kh8 33. Nxd6 Qc7 34. Nxb5 Qf7 35. Qe3 Re8 36. Qd3 Qe7 37. Nd6 Rf8 38. h4 Qe6 39. Ne4 h6 40. Bh3 Qb6 41. h5 Rd8 42. Qc2 gxh5 43. Bg2 Qb2 44. Qc7 Rg8 45. Nd6 Qf6 46. Nf7+ Kh7 47. Be4+ 1-0


[Site "https://www.chess.com"]

[Event "Titled Tuesday Blitz June 6 Late 2023"]
[White "Eidelman, Gabriel"]
[Black "Lopez Mulet, Inigo"]
[WhiteFideId "30910544"]
[BlackFideId "22235620"]
[WhiteElo "2451"]
[BlackElo "2302"]
[Result "0-1"]
[Round "10"]
[TimeControl "180+2"]
[Date "2023.06.07"]
[WhiteClock "0:00:08"]
[BlackClock "0:01:32"]
[Board "56"]

1. Nc3 c6 2. e4 e5 3. Nf3 d6 4. d4 exd4 5. Nxd4 Nf6 6. Bc4 b5 7. Bd3 b4 8. Nce2 Be7 9. O-O O-O 10. Ng3 c5 11. Ndf5 Re8 12. Nxe7+ Qxe7 13. Bf4 Be6 14. b3 a6 15. Re1 Nc6 16. Qd2 Nd7 17. Bf1 Nde5 18. c3 a5 19. Bb5 Red8 20. Rad1 bxc3 21. Qxc3 Nd4 22. Bf1 a4 23. Be3 axb3 24. axb3 Nxb3 25. Nf5 Bxf5 26. exf5 Rab8 27. f4 Ng4 28. Bxc5 Qh4 29. h3 dxc5 30. g3 Qf6 31. Rxd8+ Rxd8 32. Qxb3 Qd4+ 33. Kh1 Qf2 34. hxg4 Qxe1 35. Kg1 c4 36. Qxc4 Qxg3+ 37. Kh1 Qh4+ 0-1


[Site "https://www.chess.com"]

[Event "Titled Tuesday Blitz June 6 Late 2023"]
[White "Kaplan, Avi Harrison"]
[Black "Fiorito, Joaquin"]
[WhiteFideId "30934559"]
[BlackFideId "180173"]
[WhiteElo "1983"]
[BlackElo "2199"]
[Result "0-1"]
[Round "10"]
[TimeControl "180+2"]
[Date "2023.06.07"]
[WhiteClock "0:00:07"]
[BlackClock "0:00:04"]
[Board "57"]

1. b3 d5 2. Bb2 c5 3. e3 Nc6 4. Bb5 Bd7 5. f4 Nf6 6. Nf3 a6 7. Bxc6 Bxc6 8. Ne5 Rc8 9. d3 g6 10. O-O Bg7 11. Nd2 O-O 12. Qe1 b5 13. Ndf3 Bb7 14. Qh4 Ne8 15. Ng5 h6 16. Ngxf7 Rxf7 17. Nxf7 Kxf7 18. Bxg7 Kxg7 19. f5 g5 20. Qh5 Qd6 21. h4 Qf6 22. Rae1 Nd6 23. hxg5 hxg5 24. Qg4 Rh8 25. g3 Nf7 26. e4 Ne5 27. Qe2 dxe4 28. dxe4 g4 29. Kg2 Nf3 30. Rh1 Rd8 31. Rd1 Rxd1 32. Rxd1 Qe5 33. Rd7 Bxe4 34. Kf2 Kf7 35. Qe3 Qxf5 36. Qf4 Qxf4 37. gxf4 Bxc2 38. Rc7 Nd2 39. Ke3 g3 40. Rxc5 Nf1+ 41. Kf3 Bf5 42. Kg2 Bd3 43. Rc3 Be2 44. Rc5 e6 45. Re5 Bd3 46. a4 bxa4 47. bxa4 Kf6 48. a5 Kf7 49. Rc5 Kf6 50. Rc3 Ne3+ 51. Kxg3 Nf5+ 52. Kf3 Bb5 53. Rc5 Ke7 54. Ke4 Kd6 55. Rc1 Ba4 56. Rb1 Bc6+ 57. Kd3 Kc5 58. Rc1+ Kb5 59. Ra1 Bd5 60. Rb1+ Kxa5 61. Ra1+ Kb5 62. Kc3 Nd6 63. Rb1+ Kc5 64. Ra1 Nb5+ 65. Kd3 Kb6 66. Re1 a5 67. Re5 Ba2 68. f5 exf5 69. Rxf5 Bb1+ 70. Kc4 Bxf5 71. Kb3 Be6+ 72. Ka4 Nc3+ 73. Ka3 Kc5 74. Kb2 Kb4 75. Ka1 Ne2 76. Kb2 Bf5 77. Ka2 a4 78. Kb2 a3+ 79. Ka1 Be6 80. Kb1 Nd4 81. Ka1 Kb3 82. Kb1 a2+ 83. Kc1 a1=Q+ 84. Kd2 Qc3+ 85. Kd1 Bg4# 0-1


[Site "https://www.chess.com"]

[Event "Titled Tuesday Blitz June 6 Late 2023"]
[White "marik_spb"]
[Black "ATM622"]
[WhiteElo "2444"]
[BlackElo "2579"]
[Result "0-1"]
[Round "10"]
[TimeControl "180+2"]
[Date "2023.06.07"]
[WhiteClock "0:00:06"]
[BlackClock "0:00:03"]
[Board "58"]

1. d4 Nf6 2. c4 e6 3. g3 d5 4. Bg2 dxc4 5. Nf3 Nbd7 6. O-O c5 7. Na3 cxd4 8. Nxc4 Bc5 9. Nxd4 O-O 10. Nb3 Be7 11. Bf4 Nc5 12. Qxd8 Rxd8 13. Nxc5 Bxc5 14. Rfd1 Rxd1+ 15. Rxd1 Be7 16. Nd6 Bd7 17. Nxb7 Rc8 18. Rc1 Rxc1+ 19. Bxc1 Nd5 20. Na5 Bb4 21. Nb3 Bb5 22. e3 Kf8 23. Bd2 Bxd2 24. Nxd2 Nb6 25. f4 Ke7 26. Kf2 e5 27. fxe5 Nd7 28. Nf3 Bc6 29. Nd4 Bxg2 30. Kxg2 Nxe5 31. b3 g6 32. a4 a5 33. h3 Kd6 34. g4 Kd5 35. Nc2 Ke4 36. Kf2 Kd3 37. Nd4 Kc3 38. Kg3 g5 39. h4 h6 40. Nf5 gxh4+ 41. Kxh4 Kxb3 42. Nxh6 Kxa4 43. g5 Kb3 44. Nxf7 Nxf7 45. g6 Nh6 46. Kg5 Ng8 47. g7 a4 48. Kg6 a3 49. Kf7 Nh6+ 50. Kg6 Ng8 51. Kf7 a2 52. Kxg8 a1=Q 53. Kh7 Qh1+ 54. Kg6 Qe4+ 55. Kf6 Qf3+ 56. Kg6 Qg4+ 57. Kf6 Qh4+ 58. Kf7 Qh5+ 59. Kf8 Qf5+ 60. Ke8 Qg6+ 61. Kf8 Qf6+ 62. Kg8 Kc4 63. e4 Kd4 64. Kh7 Qf7 65. Kh6 Qg8 66. Kg6 Kxe4 67. Kf6 Kf4 68. Kg6 Ke5 69. Kh6 Kf5 70. Kh5 Qh7# 0-1


[Site "https://www.chess.com"]

[Event "Titled Tuesday Blitz June 6 Late 2023"]
[White "Arnold, Ken"]
[Black "Di Berardino, Diego Rafael"]
[WhiteFideId "2056836"]
[BlackFideId "2105446"]
[WhiteElo "2445"]
[BlackElo "2426"]
[Result "0-1"]
[Round "10"]
[TimeControl "180+2"]
[Date "2023.06.07"]
[WhiteClock "0:00:12"]
[BlackClock "0:00:13"]
[Board "59"]

1. d4 Nf6 2. Nf3 c5 3. dxc5 Na6 4. Nc3 Nxc5 5. e3 d5 6. Bb5+ Bd7 7. a4 e6 8. O-O Bd6 9. b3 O-O 10. Bb2 a6 11. Bxd7 Qxd7 12. Qe2 Qc7 13. h3 Rac8 14. Rac1 Rfd8 15. Rfd1 Qb8 16. Nd4 Bf8 17. Qf1 e5 18. Nf3 e4 19. Nd4 Qe5 20. Nce2 h5 21. Ba1 Bd6 22. Nf4 Qg5 23. Nde2 Be5 24. Bxe5 Qxe5 25. Nd4 Rd7 26. Qe2 Rdc7 27. Rd2 h4 28. Rcd1 Ncd7 29. Qe1 Nb8 30. Nfe2 g6 31. Kh1 Kg7 32. Ng1 Nc6 33. Nxc6 Rxc6 34. Rc1 Qb2 35. Rb1 Qa3 36. Ra1 Qb4 37. Qd1 Qc3 38. Ne2 Qe5 39. Nd4 g5 40. Qe2 R6c7 41. Rad1 Kg6 42. Kg1 Rh8 43. f3 Re8 44. fxe4 Nxe4 45. Nf3 Qf6 46. Rxd5 Nc3 47. Qd3+ Kg7 48. Rxg5+ Kf8 49. Qd6+ Qxd6 50. Rxd6 Rxe3 51. Rd8+ Ke7 52. Rd3 Rxd3 53. cxd3 Ne2+ 54. Kf2 Nf4 55. Re5+ Kf8 56. Re3 Nd5 57. Re4 Rc3 58. Rxh4 Nb4 59. Nd4 Nxd3+ 60. Ke2 Ne5 61. Kd2 Rg3 62. Nf5 Rxg2+ 63. Ke3 Ng6 64. Rc4 Ke8 65. Re4+ Kd7 66. h4 Rh2 67. Nd4 Rh3+ 68. Kd2 Rxh4 69. Rxh4 Nxh4 70. Kd3 Ng6 71. Ke4 Ne7 72. b4 Nc6 73. Nc2 Ke6 74. b5 axb5 75. axb5 Na7 76. Nd4+ Kd6 77. Kf5 Kc5 78. Ke5 Nxb5 79. Nf5 Nc7 80. Kf6 b5 81. Ne3 b4 82. Kxf7 b3 83. Nd1 Kd4 84. Nb2 Nd5 85. Ke6 Nb6 86. Kf5 Kc3 87. Nd1+ Kd2 88. Nb2 Kc2 0-1


[Site "https://www.chess.com"]

[Event "Titled Tuesday Blitz June 6 Late 2023"]
[White "zsizsi99"]
[Black "Shohat, Yotam"]
[BlackFideId "2813955"]
[WhiteElo "2434"]
[BlackElo "2226"]
[Result "1-0"]
[Round "10"]
[TimeControl "180+2"]
[Date "2023.06.07"]
[WhiteClock "0:00:05"]
[BlackClock "0:01:23"]
[Board "60"]

1. e4 e6 2. d4 d5 3. Nd2 dxe4 4. Nxe4 Nf6 5. Nxf6+ gxf6 6. Nf3 Nc6 7. Be3 Qd6 8. Qd2 Bd7 9. O-O-O O-O-O 10. a3 e5 11. Bc4 Bg4 12. dxe5 fxe5 13. Qxd6 Bxd6 14. Bxf7 e4 15. h3 Bxf3 16. gxf3 exf3 17. Bh6 Be5 18. Bh5 Nd4 19. c3 Ne2+ 20. Kc2 Bf4 21. Bxf4 Nxf4 22. Bxf3 Rdf8 23. Bg4+ Kb8 24. Rhe1 c6 25. Re7 Nd5 26. Re2 h5 27. Bd7 Rh7 28. Re8+ Rxe8 29. Bxe8 Nf6 30. Bg6 Rg7 31. Bf5 Rg2 32. Rd2 Rg5 33. Bd3 Nd5 34. Be4 Nf6 35. Bf3 Rf5 36. Rd3 Kc7 37. c4 Nd7 38. Re3 Ne5 39. Be2 Ng6 40. Rf3 Re5 41. Bd3 h4 42. Bxg6 Rg5 43. Bd3 Rg1 44. Rf4 Rh1 45. Rxh4 Rh2 46. Rh7+ Kd6 47. Rf7 Rxf2+ 48. Rxf2 1-0


[Site "https://www.chess.com"]

[Event "Titled Tuesday Blitz June 6 Late 2023"]
[White "Krsnik Cohar, Ivan Vihor"]
[Black "Rangel, Daniel"]
[WhiteFideId "14520044"]
[BlackFideId "2124475"]
[WhiteElo "2414"]
[BlackElo "2231"]
[Result "0-1"]
[Round "10"]
[TimeControl "180+2"]
[Date "2023.06.07"]
[WhiteClock "0:00:01"]
[BlackClock "0:00:07"]
[Board "61"]

1. e4 c5 2. Ne2 g6 3. g3 Bg7 4. Bg2 Nc6 5. c3 d6 6. d4 e5 7. Be3 cxd4 8. cxd4 Qb6 9. Nbc3 exd4 10. Nd5 Qxb2 11. Rb1 Qxa2 12. O-O dxe3 13. Nc7+ Ke7 14. Nxa8 Qa5 15. Nf4 Nf6 16. Nd5+ Nxd5 17. exd5 Ne5 18. Qc1 exf2+ 19. Rxf2 Bd7 20. Qc7 Qxc7 21. Nxc7 Bh6 22. Re2 Rb8 23. Na6 Rc8 24. Rxb7 Rc1+ 25. Bf1 Kd8 26. Kg2 Bg4 27. Rf2 Bf5 28. Re2 Bd3 0-1


[Site "https://www.chess.com"]

[Event "Titled Tuesday Blitz June 6 Late 2023"]
[White "Hajiyev, Kanan"]
[Black "Dedona, Mark"]
[WhiteFideId "13404148"]
[BlackFideId "30920256"]
[WhiteElo "2115"]
[BlackElo "2074"]
[Result "1-0"]
[Round "10"]
[TimeControl "180+2"]
[Date "2023.06.07"]
[WhiteClock "0:00:34"]
[BlackClock "0:00:18"]
[Board "62"]

1. d4 Nf6 2. Nf3 e6 3. c4 c5 4. e3 d5 5. cxd5 exd5 6. Be2 cxd4 7. Nxd4 Nc6 8. O-O Bd6 9. Nc3 O-O 10. b3 Be6 11. Bb2 a6 12. Rc1 Re8 13. Nxc6 bxc6 14. Na4 Qc7 15. g3 Rac8 16. Qd4 c5 17. Qh4 Nd7 18. Bxa6 Rb8 19. Qg5 f6 20. Qh5 Bf7 21. Qe2 Ne5 22. Qc2 Qa7 23. Be2 Rbc8 24. Rfd1 Red8 25. Qf5 Qe7 26. Qh3 Be6 27. Qg2 Bb8 28. Nb6 Rc7 29. Nxd5 Bxd5 30. Rxd5 Rxd5 31. Qxd5+ Kh8 32. Ba3 Nd7 33. Rd1 h6 34. Bc4 Qe8 35. Bb5 Nb6 36. Bxe8 Nxd5 37. Rxd5 c4 38. Bg6 Rc8 39. bxc4 Be5 40. Bd6 Bxd6 41. Rxd6 h5 42. h4 f5 43. c5 f4 44. exf4 Ra8 45. c6 Rb8 46. c7 1-0


[Site "https://www.chess.com"]

[Event "Titled Tuesday Blitz June 6 Late 2023"]
[White "Ansh M Shah"]
[Black "Novikov, Evgenij"]
[WhiteFideId "25033379"]
[BlackFideId "4125380"]
[WhiteElo "2084"]
[BlackElo "2242"]
[Result "0-1"]
[Round "10"]
[TimeControl "180+2"]
[Date "2023.06.07"]
[WhiteClock "0:00:03"]
[BlackClock "0:00:18"]
[Board "63"]

1. d4 d5 2. c4 e6 3. g3 Nf6 4. Bg2 Be7 5. Nf3 O-O 6. O-O c6 7. Nbd2 Nbd7 8. Qc2 b6 9. e4 a5 10. Rd1 Ba6 11. Bf1 Qb8 12. e5 Ne8 13. cxd5 cxd5 14. Bxa6 Rxa6 15. a4 Nc7 16. Nb1 Rc8 17. Nc3 Bb4 18. Ng5 Nf8 19. Bd2 Ra7 20. Qd3 h6 21. Nf3 Rb7 22. Nb5 Bxd2 23. Rxd2 Nxb5 24. Qxb5 Rc4 25. Ra3 Rb4 26. Qd3 Qe8 27. Qc2 Rc4 28. Qb3 b5 29. axb5 Rxb5 30. Qa2 Qd8 31. Ra4 Rc1+ 32. Kg2 Ng6 33. h4 Ne7 34. Rd3 Qb6 35. Rd2 Nf5 36. Qa3 Rb3 37. Qa2 Qb5 38. Kh3 Qf1+ 39. Kg4 Rxf3 40. Kxf3 Qh1+ 41. Kg4 Qe4+ 42. f4 Ne3+ 43. Kh3 Rh1+ 44. Rh2 Qg2# 0-1


[Site "https://www.chess.com"]

[Event "Titled Tuesday Blitz June 6 Late 2023"]
[White "D`Arruda, Ricardo D."]
[Black "Kujawski, Adam"]
[WhiteFideId "100692"]
[BlackFideId "1100920"]
[WhiteElo "2534"]
[BlackElo "2054"]
[Result "1-0"]
[Round "10"]
[TimeControl "180+2"]
[Date "2023.06.07"]
[WhiteClock "0:00:48"]
[BlackClock "0:00:01"]
[Board "64"]

1. Nf3 d5 2. b3 c5 3. Bb2 f6 4. e3 e5 5. d4 cxd4 6. exd4 e4 7. Nfd2 Nc6 8. c4 f5 9. Nc3 Nf6 10. cxd5 Nb4 11. Bc4 Nbxd5 12. Nxd5 Nxd5 13. Nxe4 Bb4+ 14. Nd2 O-O 15. O-O Kh8 16. Nf3 b5 17. Bxb5 Bb7 18. Ne5 Qg5 19. Bc6 Bxc6 20. Nxc6 f4 21. Qf3 Bd6 22. Ne5 Bxe5 23. dxe5 Rad8 24. Rad1 Nb4 25. a3 Nd3 26. Rxd3 Rxd3 27. Qxd3 f3 28. g3 Qg4 29. Re1 Qh3 30. Qf1 Qe6 31. Re3 g5 32. h3 h5 33. Qd3 g4 34. Qd6 Qf5 35. e6+ Kg8 36. Qe5 Qb1+ 37. Re1 Qxe1+ 38. Qxe1 1-0


[Site "https://www.chess.com"]

[Event "Titled Tuesday Blitz June 6 Late 2023"]
[White "The_Straightforward_Rook"]
[Black "Garmendiarov"]
[WhiteElo "2386"]
[BlackElo "2500"]
[Result "1-0"]
[Round "10"]
[TimeControl "180+2"]
[Date "2023.06.07"]
[WhiteClock "0:01:34"]
[BlackClock "0:00:05"]
[Board "65"]

1. d4 Nf6 2. c4 d6 3. Nc3 e5 4. d5 g6 5. e4 Bg7 6. Be2 O-O 7. h4 h5 8. Bg5 Nbd7 9. Nf3 a5 10. Qc2 Nc5 11. Nd2 c6 12. O-O Qe8 13. b3 Nh7 14. Be3 f5 15. Bxc5 dxc5 16. exf5 gxf5 17. dxc6 bxc6 18. Rae1 e4 19. Bd1 Qg6 20. Ne2 Be5 21. g3 Be6 22. Kh1 Rad8 23. Rg1 Qg4 24. Nf4 Qg7 25. Nxe6 Qf7 26. Nxf8 Nxf8 27. Nf1 Rd3 28. Qe2 Rf3 29. Nh2 Rd3 30. Qxh5 Ng6 31. Qg5 Kf8 32. Be2 Rd6 33. Rd1 Ne7 34. Rxd6 Bxd6 35. Qh6+ Ke8 36. Qxd6 1-0


[Site "https://www.chess.com"]

[Event "Titled Tuesday Blitz June 6 Late 2023"]
[White "Yeritsyan, Hayk"]
[Black "Campos, Maria Jose"]
[WhiteFideId "13307320"]
[BlackFideId "146803"]
[WhiteElo "2492"]
[BlackElo "2170"]
[Result "1-0"]
[Round "10"]
[TimeControl "180+2"]
[Date "2023.06.07"]
[WhiteClock "0:00:14"]
[BlackClock "0:00:05"]
[Board "66"]

1. d4 Nf6 2. Nf3 e6 3. e3 c5 4. Bd3 d5 5. c3 Nc6 6. Nbd2 Bd6 7. Qe2 O-O 8. O-O e5 9. dxc5 Bxc5 10. e4 d4 11. Nb3 Bb6 12. cxd4 Nxd4 13. Nfxd4 Bxd4 14. Nxd4 Qxd4 15. Be3 Qb4 16. f3 Be6 17. a3 Qa5 18. Rac1 Rac8 19. Rxc8 Rxc8 20. Rc1 Rxc1+ 21. Bxc1 Nh5 22. g3 Nf6 23. Bd2 Qc7 24. Bc3 h5 25. h4 Nd7 26. Qe3 b6 27. Be2 Qd6 28. Kg2 Nc5 29. Qg5 f6 30. Qxh5 Bf7 31. Qg4 Ne6 32. Bc4 a5 33. h5 Kf8 34. Bd5 Qd7 35. Qh4 Ng5 36. Bxf7 Qxf7 37. h6 Kg8 38. hxg7 Qxg7 39. Qg4 Qc7 40. f4 exf4 41. gxf4 Qd7 42. Qxd7 1-0


[Site "https://www.chess.com"]

[Event "Titled Tuesday Blitz June 6 Late 2023"]
[White "Prieto Aranguren, Alain"]
[Black "Seletsky, Grigory"]
[WhiteFideId "2268906"]
[BlackFideId "14112191"]
[WhiteElo "2209"]
[BlackElo "2491"]
[Result "1-0"]
[Round "10"]
[TimeControl "180+2"]
[Date "2023.06.07"]
[WhiteClock "0:00:09"]
[BlackClock "0:00:02"]
[Board "67"]

1. e4 c6 2. d4 d5 3. exd5 cxd5 4. Bd3 Nc6 5. Nf3 g6 6. O-O Bg7 7. Re1 Bf5 8. Bxf5 gxf5 9. c3 e6 10. Bf4 Nge7 11. Ne5 O-O 12. Nd2 Nxe5 13. Bxe5 Bxe5 14. Rxe5 Ng6 15. Re3 Kh8 16. Rh3 Rg8 17. Qh5 Rg7 18. Qh6 Ne7 19. Nf3 Ng8 20. Qf4 Qf6 21. Re1 Ne7 22. Qe5 Qxe5 23. Nxe5 Rag8 24. Rg3 Rxg3 25. hxg3 Kg7 26. f3 Rc8 27. Kf2 Nc6 28. Nxc6 Rxc6 29. Ke3 b5 30. Kd3 a5 31. a3 b4 32. cxb4 axb4 33. a4 b3 34. Re2 Ra6 35. Kc3 Rxa4 36. Rd2 Kf6 37. Kxb3 Rc4 38. Ka3 Ke7 39. b4 Kd6 40. Ka4 Kc6 41. Ka5 Kb7 42. Kb5 h5 43. Ka5 Kc6 44. b5+ Kb7 45. b6 Rc1 46. Rb2 Rc6 47. Rb4 Rd6 48. Rb2 f6 49. Rb4 e5 50. Rb2 e4 51. Rb3 Rc6 52. Rb2 Rd6 53. Rb3 Re6 54. Rb2 Rc6 55. Rb3 Rd6 56. Rb2 Re6 57. Rb1 e3 58. Re1 e2 59. f4 Re7 60. Kb5 Re4 61. Kc5 Re3 62. Kxd5 Kxb6 63. Kd6 Kb7 64. d5 1-0


[Site "https://www.chess.com"]

[Event "Titled Tuesday Blitz June 6 Late 2023"]
[White "Alexikov, Alexander"]
[Black "Cardozo Munar, Carlos Eduardo"]
[WhiteFideId "14103958"]
[BlackFideId "4409477"]
[WhiteElo "2186"]
[BlackElo "2067"]
[Result "0-1"]
[Round "10"]
[TimeControl "180+2"]
[Date "2023.06.07"]
[WhiteClock "0:00:12"]
[BlackClock "0:00:46"]
[Board "68"]

1. e4 e6 2. d4 d5 3. Nc3 Nf6 4. e5 Nfd7 5. f4 c5 6. Nf3 Nc6 7. Be3 Qb6 8. Na4 Qc7 9. dxc5 b5 10. cxb6 axb6 11. Nc3 Bc5 12. Nb5 Qb8 13. Qd2 O-O 14. c3 Ba6 15. a4 Bxe3 16. Qxe3 Nc5 17. Be2 Rd8 18. O-O Na5 19. b4 Ncb3 20. bxa5 Nxa1 21. Rxa1 bxa5 22. Nfd4 Rc8 23. Rb1 g6 24. h4 h5 25. Kh2 Rf8 26. c4 Qd8 27. Kg3 dxc4 28. Bxc4 Qd7 29. Rd1 Rfd8 30. Rd2 Bxb5 31. Bxb5 Qd5 32. Rd3 Qa2 33. Qd2 Qb1 34. Nf3 Rxd3 35. Bxd3 Qb4 36. Bb5 Qb1 37. Kh2 Qf5 38. Bd3 Qg4 39. Be2 Kg7 40. g3 Qf5 41. Bd3 Qg4 42. Kg2 Rd8 43. Nh2 Qf5 44. Bxf5 Rxd2+ 45. Kh3 gxf5 46. Nf3 Ra2 47. Nd4 Rxa4 48. Nb5 Rb4 49. Nd6 a4 0-1


[Site "https://www.chess.com"]

[Event "Titled Tuesday Blitz June 6 Late 2023"]
[White "Shapiro, Viktor"]
[Black "Veiga, Jose Francisco R P Neves"]
[WhiteFideId "4175700"]
[BlackFideId "1930087"]
[WhiteElo "2212"]
[BlackElo "2319"]
[Result "0-1"]
[Round "10"]
[TimeControl "180+2"]
[Date "2023.06.07"]
[WhiteClock "0:00:20"]
[BlackClock "0:00:32"]
[Board "69"]

1. c4 f6 2. Nc3 c5 3. Nf3 Nc6 4. e3 Nh6 5. d4 d6 6. Bd3 Nf7 7. h3 e5 8. d5 Ne7 9. a3 g6 10. e4 Bg7 11. O-O O-O 12. b4 b6 13. bxc5 bxc5 14. Rb1 f5 15. Bd2 f4 16. Be2 g5 17. Nh2 Nh6 18. Ng4 Nf7 19. Nh2 Nh6 20. a4 Ng6 21. Ng4 Nf7 22. Nh2 Nh6 23. Bg4 Nxg4 24. hxg4 Nh4 25. f3 h5 26. gxh5 Kf7 27. Kf2 Rh8 28. Ng4 Rxh5 29. Rh1 Rh8 30. Qb3 Ng6 31. Qb5 Bxg4 32. fxg4 Rxh1 33. Rxh1 Qc8 34. Qc6 Qxc6 35. dxc6 Ne7 36. Rb1 Nxc6 37. Rb7+ Kg8 38. Nd5 Rb8 39. Rc7 Nd4 40. Rxa7 Rb2 41. Ke1 f3 42. g3 f2+ 43. Kxf2 Rxd2+ 44. Kf1 Ne2 45. a5 Nxg3+ 46. Kg1 Nxe4 47. a6 Ra2 48. Ra8+ Kf7 49. a7 Nd2 50. Nb6 e4 51. Rd8 Nf3+ 52. Kf1 Ra1+ 53. Ke2 Re1+ 54. Kf2 Bd4+ 55. Kg3 Rg1+ 56. Kh3 Rh1+ 57. Kg2 Rh2+ 58. Kf1 Rf2# 0-1


[Site "https://www.chess.com"]

[Event "Titled Tuesday Blitz June 6 Late 2023"]
[White "Gomez Ledo, Roberto Carlos"]
[Black "Omariev, Maksim"]
[WhiteFideId "3507076"]
[BlackFideId "4193423"]
[WhiteElo "2378"]
[BlackElo "2409"]
[Result "1-0"]
[Round "10"]
[TimeControl "180+2"]
[Date "2023.06.07"]
[WhiteClock "0:01:12"]
[BlackClock "0:00:02"]
[Board "70"]

1. d4 d5 2. Bf4 Nf6 3. e3 Bf5 4. c4 c6 5. Nc3 e6 6. Qb3 Qc8 7. Rc1 Nbd7 8. cxd5 exd5 9. Nb5 cxb5 10. Rxc8+ Rxc8 11. Ne2 b4 12. Qa4 a6 13. f3 Be7 14. g4 Bc2 15. Qa5 O-O 16. g5 Nh5 17. Qxd5 Rfd8 18. Qxb7 Nxf4 19. exf4 a5 20. Bh3 Rb8 21. Qc7 Ba4 22. Qxa5 Bb5 23. Bxd7 Rxd7 24. Kf2 Re8 25. Ng3 Bd6 26. Qxb5 Rde7 27. Ne4 Bxf4 28. Qxb4 h6 29. h4 Re6 30. d5 Re5 31. Rd1 hxg5 32. hxg5 f5 33. gxf6 g5 34. d6 g4 35. Qb7 g3+ 36. Kg2 1-0


[Site "https://www.chess.com"]

[Event "Titled Tuesday Blitz June 6 Late 2023"]
[White "Buchenau, Frank"]
[Black "Palencia Morales, Wilson Guillermo"]
[WhiteFideId "4604350"]
[BlackFideId "4401859"]
[WhiteElo "2157"]
[BlackElo "2144"]
[Result "1-0"]
[Round "10"]
[TimeControl "180+2"]
[Date "2023.06.07"]
[WhiteClock "0:02:02"]
[BlackClock "0:02:27"]
[Board "71"]

1. e4 c5 2. Nf3 d6 3. Bb5+ Nd7 4. O-O Nf6 5. Re1 a6 6. Bf1 b6 7. d4 cxd4 8. Nxd4 Bb7 9. c4 e6 10. Nc3 Rc8 11. f4 Qc7 12. Kh1 Be7 13. b3 b5 14. Bb2 bxc4 15. Bxc4 Qb8 16. Bxe6 fxe6 17. Nxe6 Kf7 18. Ng5+ Kg8 19. e5 dxe5 20. fxe5 Nxe5 21. Nd5 Bxd5 22. Bxe5 Qb7 23. Qe2 h6 24. Bxf6 Bxf6 25. Qe8+ 1-0


[Site "https://www.chess.com"]

[Event "Titled Tuesday Blitz June 6 Late 2023"]
[White "Abduzhaparov"]
[Black "Machidon, Cristi"]
[BlackFideId "13904590"]
[WhiteElo "2402"]
[BlackElo "2355"]
[Result "1-0"]
[Round "10"]
[TimeControl "180+2"]
[Date "2023.06.07"]
[WhiteClock "0:01:06"]
[BlackClock "0:00:03"]
[Board "72"]

1. Nf3 d5 2. c4 e6 3. g3 Nf6 4. Bg2 Be7 5. d4 O-O 6. Qc2 b6 7. cxd5 exd5 8. Bf4 c5 9. O-O Bb7 10. Nc3 Nbd7 11. Rfd1 Rc8 12. Rac1 Re8 13. Nb5 Ne4 14. Nxa7 Ra8 15. Nb5 Rxa2 16. Nc7 Rf8 17. Qb3 Ra5 18. Nxd5 Bxd5 19. Qxd5 Ndf6 20. Qc6 Qa8 21. Qxa8 Rfxa8 22. Ng5 Nxg5 23. Bxg5 Re8 24. dxc5 Bxc5 25. e3 h6 26. Bxf6 gxf6 27. Rd7 Re7 28. Rcd1 Ra7 29. Rxe7 Bxe7 30. Bd5 Kf8 31. Rc1 Bc5 32. Rc4 Rd7 33. e4 Rd8 34. b4 Kg7 35. bxc5 1-0


[Site "https://www.chess.com"]

[Event "Titled Tuesday Blitz June 6 Late 2023"]
[White "Ai, Evan"]
[Black "Camilla_Lee"]
[WhiteFideId "2094770"]
[WhiteElo "1963"]
[BlackElo "2496"]
[Result "1-0"]
[Round "10"]
[TimeControl "180+2"]
[Date "2023.06.07"]
[WhiteClock "0:00:49"]
[BlackClock "0:00:07"]
[Board "73"]

1. e4 e5 2. f4 d5 3. Nf3 dxe4 4. Nxe5 Nd7 5. Nxd7 Bxd7 6. Nc3 Nf6 7. Bc4 Bc5 8. d4 exd3 9. Qxd3 O-O 10. Bd2 Re8+ 11. Ne2 Bg4 12. Qxd8 Raxd8 13. Bc3 Bxe2 14. Bxe2 Re4 15. Rd1 Rde8 16. Be5 Ng4 17. Rd5 Nxe5 18. Rxe5 R4xe5 19. fxe5 Rxe5 20. Kd2 g6 21. Bd3 Bd6 22. g3 Rh5 23. Be4 c6 24. Bf3 Rf5 25. Rf1 Kg7 26. Bg2 Re5 27. Re1 Rh5 28. h3 Bxg3 29. Re7 Rb5 30. b3 Bd6 31. Rd7 Bf4+ 32. Kd3 a5 33. a4 Rb6 34. Ke4 Bg3 35. Bf1 Kf6 36. Bc4 Kg5 37. Rxf7 c5 38. Rxh7 Rf6 39. Kd5 Rf4 40. Kxc5 Bf2+ 41. Kd6 b6 42. Kc6 Rf6+ 43. Kb5 Bc5 44. Bd3 Kf4 45. Rg7 g5 46. Rh7 Kg3 47. Rh5 Be3 48. c3 Rf2 49. b4 axb4 50. cxb4 Rb2 51. Kc4 Bd2 52. b5 Rb4+ 53. Kd5 Rxa4 54. Kc6 Be3 55. Rh7 Ra3 56. Bf5 Rc3+ 57. Kb7 Rc5 58. Bd7 Rd5 59. Re7 Bc5 60. Rf7 Re5 61. Kc6 Re3 62. Bg4 Kg2 63. Rf5 Re6+ 64. Kd5 Rg6 65. Bh5 Rg7 66. Bg4 Kg3 67. Ke6 Be3 68. Kf6 Rg8 69. Kf7 Rd8 70. Re5 Bf4 71. Re6 Rb8 72. Ke7 Kf2 73. Rg6 Be3 74. Kd7 Ra8 75. Rf6+ Kg2 76. Kc6 Ra1 77. Kd5 Bf4 78. Rxb6 Rb1 79. Kc6 Be3 80. Rb8 Kf2 81. Rf8+ Kg3 82. Rf3+ Kg2 83. Rxe3 Rc1+ 84. Kd5 Rb1 85. Kc5 Rc1+ 86. Kb4 Rb1+ 87. Rb3 Rc1 88. b6 1-0


[Site "https://www.chess.com"]

[Event "Titled Tuesday Blitz June 6 Late 2023"]
[White "Lalanne, Pablo"]
[Black "Krishnakumar, Sriram"]
[WhiteFideId "112151"]
[BlackFideId "30915856"]
[WhiteElo "2120"]
[BlackElo "2494"]
[Result "1/2-1/2"]
[Round "10"]
[TimeControl "180+2"]
[Date "2023.06.07"]
[WhiteClock "0:00:21"]
[BlackClock "0:00:22"]
[Board "74"]

1. e4 e5 2. Nf3 Nc6 3. Bb5 a6 4. Ba4 Nf6 5. O-O b5 6. Bb3 Bc5 7. a4 Rb8 8. c3 d6 9. d4 Bb6 10. a5 Ba7 11. h3 h6 12. Be3 O-O 13. Nbd2 Re8 14. Qc2 Bb7 15. d5 Bxe3 16. dxc6 Bxd2 17. cxb7 Bf4 18. g3 Rxb7 19. gxf4 exf4 20. Rfe1 c5 21. Qd2 c4 22. Bc2 Rbe7 23. Qxf4 Nh5 24. Qg4 Nf6 25. Qh4 Qa8 26. Rad1 Nxe4 27. Bxe4 Rxe4 28. Rxe4 Rxe4 29. Qg3 Re6 30. Rd4 h5 31. Qf4 Rf6 32. Qe4 Qxe4 33. Rxe4 Rxf3 34. Re8+ Kh7 35. Ra8 Rd3 36. Rxa6 Rd1+ 37. Kg2 Ra1 38. Rxd6 Rxa5 39. h4 Ra2 40. Rd2 b4 41. cxb4 c3 42. Rd3 c2 43. Rc3 Rxb2 44. b5 g6 45. b6 Kg7 46. b7 Rxb7 47. Rxc2 Rb4 48. Kg3 Rg4+ 49. Kh3 Rf4 50. Kg3 Rf5 51. f3 Ra5 52. Rc6 f6 53. Rc7+ Kh6 54. Rc6 Rf5 55. Ra6 Kh7 56. Ra7+ Kh6 57. Ra6 g5 58. hxg5+ Kxg5 59. Ra8 h4+ 60. Kg2 Kf4 61. Ra4+ Kg5 62. Rg4+ Kh5 63. Ra4 h3+ 64. Kxh3 Rxf3+ 65. Kg2 Rf5 66. Kg3 Rg5+ 67. Kf3 Rb5 68. Rc4 Kg5 69. Ra4 Rb3+ 70. Kf2 f5 71. Rc4 f4 72. Rc8 Rb2+ 73. Kf3 Rb3+ 74. Kf2 Kg4 75. Rg8+ Kf5 76. Rf8+ Ke4 77. Re8+ Kd4 78. Rd8+ Ke5 79. Re8+ Kd6 80. Rf8 Ke5 81. Re8+ Kd4 82. Rd8+ Kc4 83. Rf8 f3 84. Rxf3 Rxf3+ 85. Kxf3 1/2-1/2


[Site "https://www.chess.com"]